Map: Dasan Station LE

Players

Gracz - Winner!

  • Race: Zerg Zerg
  • League: Silver

Cody

  • Race: Terran Terran

VOD

Have the link to the VOD?

Description

Time

  • Played on: Oct. 10, 2016, 1:28 p.m.
  • Length: 6:15
Show
View Real Time Build Order
Export as new Build Order

Gracz Zerg - Winner!

Build Orders: Hatch First 

Get SALT Encoding   

  12  0:02  Drone  
  13  0:15  Overlord  
  13  0:22  Drone  
  14  0:47  Hatchery  
  13  0:54  Drone  
  14  1:03  Spawning Pool  
  13  1:07  Drone  
  14  1:19  Drone  
  14  1:20  Drone x2  
  17  1:29  Extractor  
  17  1:32  Drone  
  17  1:55  Roach Warren  
  17  1:57  Zergling x4  
  18  2:02  Zergling x2  
  18  2:05  Queen  
  21  2:27  Zergling x4  
  22  2:35  Zergling x2  
  23  2:57  Queen  
  25  3:01  Roach x2  
  24  3:14  Roach x2  
  24  3:15  Overlord  
  28  3:33  Queen  
  26  3:56  Roach x3  
  30  4:09  Queen  
  28  4:41  Roach x2  
  28  4:42  Roach  
  28  4:44  Queen  
  34  5:20  Queen  
  26  5:46  Roach x5  
  26  5:47  Overlord  
Show
View Real Time Build Order
Export as new Build Order

Cody Terran 

Build Orders:  

Get SALT Encoding   

  12  0:03  SCV  
  13  0:15  SCV  
  13  0:21  Supply Depot  
  14  0:35  SCV  
  15  0:50  Barracks  
  15  0:54  Refinery, SCV  
  16  1:06  SCV  
  16  1:09  Barracks  
  17  1:19  Barracks  
  17  1:27  SCV  
  18  1:39  SCV  
  19  1:47  Barracks Tech Lab  
  19  2:00  Supply Depot  
  19  2:01  Marine  
  20  2:08  Marine  
  21  2:14  Bunker  
  20  2:31  Marine  
  20  2:33  Barracks Reactor  
  20  2:36  Marine  
  22  2:54  Marine  
  22  2:58  Marine  
  24  3:08  Refinery  
  23  3:15  Marine  
  23  3:16  Bunker  
  23  3:17  Marine x2  
  25  3:33  Marine  
  23  3:58  Marine  
  23  3:59  Marine  
  25  4:07  Marine  
  25  4:24  Marine  
  24  4:42  Marine  
  24  4:44  Marine x2  
  23  4:58  Marine  
  24  5:01  Marine  
  24  5:02  Marine  
  26  5:21  SCV  
  25  5:33  SCV  
  26  5:42  Marine  
  26  5:44  Engineering Bay  
Tags
 
Add a new tag
Caveats
  • Supply blocks, unpowered buildings, or Contaminate may cause inaccurate times.
  • Supply counts are checked every 10 seconds.